 Dungeon Crawl Stone Soup version 0.28-a0-1435-g82390b3a13 (webtiles) character file.

Game seed: 8967284108293491003

297 knot the Chopper (level 6, 47/70 HPs)
             Began as a Demonspawn Berserker on Jan 10, 2022.
             Was a Believer of Trog.
             Quit the game on level 3 of the Dungeon.
             The game lasted 00:03:40 (2918 turns).

knot the Chopper (Demonspawn Berserker)             Turns: 2918, Time: 00:03:40

Health: 47/70      AC:  8    Str: 18    XL:     6   Next: 12%
Magic:  6/6        EV: 12    Int: 10    God:    Trog [**....]
Gold:   89         SH:  5    Dex: 12    Spells: 5/5 levels left

rFire   . . .      SeeInvis .   k - +0 broad axe
rCold   . . .      Faith    .   (no shield)
rNeg    . . .      Spirit   .   j - +0 robe {Will+}
rPois   .          Reflect  +   (no helmet)
rElec   .          Harm     .   (no cloak)
rCorr   .          Rampage  .   (no gloves)
Will    +++..                   (no boots)
Stlth   ..........              n - amulet of reflection
HPRegen 1.21/turn               (no ring)
MPRegen 0.10/turn               (no ring)

@: berserking (expiring), strong-willed, sanguine armoured, regenerating, very
quick
A: demonic guardian 1, sanguine armour 1, weakness stinger 2
a: Renounce Religion, Berserk, Trog's Hand


You were on level 3 of the Dungeon.
You worshipped Trog.
Trog was pleased with you.
You visited 1 branch of the dungeon, and saw 3 of its levels.
You also visited: Sewer.

You collected 89 gold pieces.

Inventory:

Hand Weapons
 k - a +0 broad axe (weapon)
Missiles
 b - a silver boomerang
 d - 21 sling bullets
 e - 121 stones
 m - 14 poisoned darts (quivered)
Armour
 j - a +0 robe of willpower (worn)
Jewellery
 f - a ring of fire
 n - an amulet of reflection (around neck)
Scrolls
 t - a scroll of magic mapping
Potions
 c - a potion of heal wounds {unknown}
 g - a potion of berserk rage {unknown}
 h - a potion of flight {unknown}
 i - a potion of lignification {unknown}
 l - a potion of resistance {unknown}
 r - a potion of curing {unknown}


   Skills:
 - Level 3.0 Fighting
 * Level 6.0 Axes
 * Level 1.4 Throwing
 - Level 1.7 Armour
 - Level 1.7 Dodging


You had 5 spell levels left.
You didn't know any spells.
Your spell library contained the following spells:

 Spells                   Type           Power      Damage    Failure   Level
 Static Discharge         Conj/Air       0%         N/A       50%         2
 Gell's Gravitas          Tloc           0%         N/A       75%         3
 Lesser Beckoning         Tloc           0%         N/A       75%         3
 Teleport Other           Tloc           0%         N/A       75%         3
 Dispel Undead            Necr           0%         3d6       98%         4
 Sticky Flame             Conj/Fire      0%         2d3       98%         4


Dungeon Overview and Level Annotations

Branches:
Dungeon (3/15)              Sewer (visited)

Altars:
Ru


Innate Abilities, Weirdness & Mutations

A weak demonic guardian rushes to your aid.
When seriously injured, your blood forms armour. (AC +6)
You have a tail ending in a sharp stinger.


Message History

You feel yourself moving faster!
You feel mighty!
You feel sick. The adder barely misses you. The orc misses you.
The adder barely misses you.
You slash the adder!
You kill the adder!
Trog accepts your kill.
You slash the orc!
You kill the orc!
Trog accepts your kill.
You feel sick.
You miss the adder.
Your tail-slap misses the adder.
You slash the orc!
You kill the orc!
Trog accepts your kill. The adder bites you.
Your blood congeals into armour.
The adder bites you but does no damage.
You closely miss the adder.
You feel sick. You block the adder's attack.
You barely miss the centaur. You closely miss the adder.
You feel sick.
You are no longer poisoned.
The centaur hits you but does no damage.
The centaur kicks you but does no damage.
The adder bites you but does no damage.
The centaur hits you but does no damage.
The centaur kicks you.
You slash the centaur!
The centaur is heavily wounded.
You barely miss the adder. The centaur closely misses you. x2
The adder closely misses you.
You barely miss the centaur.
The centaur is heavily wounded.
You closely miss the adder. You block the centaur's attack.
The centaur closely misses you. The adder closely misses you.
You slash the centaur!
You kill the centaur!
Trog accepts your kill.
You hit the adder. You block the adder's attack.
Your Axes skill increases to level 6!
Your Throwing skill increases to level 1!
You have reached level 6!
Your demonic ancestry asserts itself...
You feel the presence of a demonic guardian.
Are you sure you want to abandon this character and quit the game? (Confirm with "yes".)

##### ##...## #.....##
*************** #####....≈.#
*,,,,,,,,,,,,,* #..........##
****,,,,*****,* #....≈≈≈≈≈≈≈#
*<,**,,,**,>*,* #.........###
*,,,*,,,*,,,*,*
#.........######,+*,,,*,,**,*
####.........#..@o#**,,,,,****,*
#.....##..###.)##S......,,,,,,,*
(.#######..##.##*......♣,,,,,,,*
#** ##.##.# *.....[.,,,,,,**
#.##.# *####...,,*****
#####.#..# **,+*..,*,,**
#..##...## *,,,*,.,*,,,*
##....### *>,**,,,**,<* ##....#
####*,,,,*****


You could see an adder and an orc.

Vanquished Creatures
  A centaur (D:3)
  Jessica (D:3)
  A hell rat (Sewer)
  An orc wizard (D:3)
  3 adders
  2 river rats (D:3)
  A gnoll (D:2)
  2 dart slugs
  5 orcs (D:3)
  8 ball pythons
  11 bats
  8 endoplasms
  2 giant cockroaches
  2 goblins (D:2)
  6 hobgoblins
  5 jackals (D:1)
  6 kobolds
  3 quokkas (D:1)
  3 frilled lizards
  16 rats
87 creatures vanquished.

Notes
Turn   | Place    | Note
-------+----------+-------------------------------------------
     0 | D:1      | knot the Demonspawn Berserker began the quest for the Orb.
     0 | D:1      | Reached XP level 1. HP: 18/18 MP: 1/1
   162 | D:1      | Reached skill level 3 in Axes
   297 | D:1      | Gained mutation: You have a small tail. [demonic ancestry]
   297 | D:1      | Reached XP level 2. HP: 23/24 MP: 2/2
   531 | D:1      | Gained mutation: When seriously injured, your blood forms
                  | armour. (AC +6) [demonic ancestry]
   531 | D:1      | Reached XP level 3. HP: 29/29 MP: 3/3
   544 | D:1      | Reached ** piety under Trog
   643 | D:1      | Found a faded altar of an unknown god.
   943 | D:2      | Reached skill level 4 in Axes
  1690 | D:2      | Gained mutation: You have a tail ending in a sharp stinger.
                  | [demonic ancestry]
  1690 | D:2      | Reached XP level 4. HP: 25/35 MP: 4/4
  1939 | D:3      | Found a sacrificial altar of Ru.
  2006 | D:3      | Found a glowing drain.
  2020 | Sewer    | Entered a sewer
  2026 | Sewer    | Reached skill level 5 in Axes
  2334 | Sewer    | Reached *** piety under Trog
  2335 | Sewer    | Reached XP level 5. HP: 41/41 MP: 5/5
  2374 | D:3      | Noticed Jessica
  2383 | D:3      | Killed Jessica
  2908 | D:3      | Noticed a centaur
  2917 | D:3      | Killed a centaur
  2918 | D:3      | Reached skill level 6 in Axes
  2918 | D:3      | Reached skill level 1 in Throwing
  2918 | D:3      | Gained mutation: A weak demonic guardian rushes to your
                  | aid. [demonic ancestry]
  2918 | D:3      | Reached XP level 6. HP: 47/47 MP: 6/6
  2918 | D:3      | Quit the game

Illustrated notes

Levels and vault maps discovered:
D:1:      minmay_arrival_jagged, layout_rooms,
          hellmonk_ecumenical_altar_inner_sanctum,
          chequers_serial_rivers_large_b, minivault_26
D:2:      minmay_inner_zag, layout_rooms, corexii_corridor_pit
D:3:      layout_rooms, mainiacjoe_overflow_concentric_impassable,
          portal_sewer_entry_e, chequers_serial_rivers_micro_e,
          grunt_ministairs_6, bh_walls_and_bars, uniq_jessica

Skill      XL: |  1  2  3  4  5 |
---------------+----------------+-----
Axes           | 3 4 5 6 |  6.0
Throwing       | 1 |  1.4
Fighting       | |  3.0
Armour         | |  1.7
Dodging        | |  1.7

Action                   |  1- 3 |  4- 6 || total
-------------------------+-------+-------++-------
Melee: Hand axe          |   100 |    73 ||   173
       Tailslap          |     6 |     9 ||    15
       Broad axe         |       |    12 ||    12
Throw: Dart              |       |     2 ||     2
Invok: Berserk           |     2 |     3 ||     5
       Trog's Hand       |       |     2 ||     2
  Use: Scroll            |       |     7 ||     7
 Stab: Sleeping          |     1 |       ||     1
Armor: Animal skin       |    26 |     4 ||    30
       Robe              |       |     8 ||     8
Dodge: Dodged            |    89 |    57 ||   146
Block: Other             |       |    23 ||    23

Table legend: (Time is in decaauts)
 A = Elapsed time spent in this place.
 B = Non-inter-level travel time spent in this place.
 C = Inter-level travel time spent in this place.
 D = Time resting spent in this place.
 E = Time spent auto-exploring this place.
 F = Levels seen in this place.
 G = Mean time per level.
                   A        B        C        D        E       F      G
               +--------+--------+--------+--------+--------+-----+--------+
         Total |   3011 |   2944 |     67 |    477 |   1943 |   4 |  752.8 |
       Dungeon |   2666 |   2599 |     67 |    222 |   1902 |   3 |  888.7 |
         Sewer |    345 |    345 |      0 |    255 |     40 |   1 |  345.0 |
               +--------+--------+--------+--------+--------+-----+--------+

Top non-repeatable levels by time:
     D:2: 1041 daAuts
     D:1: 920 daAuts
     D:3: 704 daAuts
   Sewer: 345 daAuts
